 Dungeon Crawl Stone Soup version 0.29-a0-284-gf9362112df (webtiles) character file.

Game seed: 17928368173596483610

4 spaghetti the Insei (level 1, 0/13 HPs)
             Began as an Octopode Transmuter on Mar 24, 2022.
             Slain by a giant cockroach (2 damage)
             ... on level 1 of the Dungeon.
             The game lasted 00:00:25 (132 turns).

spaghetti the Insei (Octopode Transmuter)            Turns: 132, Time: 00:00:26

Health: 0/13       AC:  1    Str:  9    XL:     1   Next: 70%
Magic:  3/3        EV: 13    Int: 15    God:
Gold:   0          SH:  0    Dex: 12    Spells: 3/4 levels left

rFire   . . .      SeeInvis .     - Unarmed
rCold   . . .      Faith    .   (no shield)
rNeg    . . .      Spirit   .   (helmet restricted)
rPois   .          Reflect  .   (no amulet)
rElec   .          Harm     .   (no ring)
rCorr   .          Rampage  .   (no ring)
Will    .....                   (no ring)
Stlth   ++........              (no ring)
HPRegen 0.04/turn               (no ring)
MPRegen 0.08/turn               (no ring)
                                (no ring)
                                (no ring)

@: flying
A: almost no armour, amphibious, 8 rings, camouflage 1, gelatinous body 1,
(nimble swimmer 1), tentacles
a: no special abilities


You were on level 1 of the Dungeon.
You visited 1 branch of the dungeon, and saw 1 of its levels.


Innate Abilities, Weirdness & Mutations

You cannot wear most types of armour.
You are amphibious.
You can wear up to eight rings at the same time.
Your skin changes colour to match your surroundings (Stealth+).
Your rubbery body absorbs attacks. (AC +1, EV +1)
((You are camouflaged when in or above water. (Stealth+)))
You have tentacles for arms and can constrict up to eight enemies at once.


   Skills:
 - Level 1.0 Fighting
 - Level 2.0 Dodging
 - Level 3.0 Unarmed Combat
 - Level 2.0 Spellcasting
 + Level 2.4 Transmutations


You had 3 spell levels left.
You knew the following spells:

 Your Spells              Type           Power      Damage    Failure   Level
a - Beastly Appendage     Tmut           16%        N/A       9%          1

Your spell library contained the following spells:

 Spells                   Type           Power      Damage    Failure   Level
 Wereblood                Tmut           8%         N/A       12%         2
 Spider Form              Tmut/Pois      5%         N/A       38%         3
 Ice Form                 Ice/Tmut       5%         N/A       80%         4

Inventory:

Potions
 a - a potion of lignification {!q}

Dungeon Overview and Level Annotations

Branches:
Dungeon (1/15)

Altars:

#)##...# #..
#.##...####..# .#
#.####..#...# #.#
#.# ##....#####.!.
...#.###....##.....
...........###.#.##
.....#####..)#..#$
... #.#...#)# .
#.##..#@#
#.###Jg#B?# #..
#.#.##.# ##. #.....
.. . .###..# ## ##.
#.g. #. ##.. #. ###


You could see an endoplasm, a giant cockroach and a hobgoblin.


Message History

No target in view!
No target in view!
No target in view!
Search for what [? for help]? glov Unknown command.
A kobold comes into view. It is wielding a +0 short sword.
A kobold is nearby!
A kobold is nearby!
A kobold is nearby!
Casting: Beastly Appendage (safe; 10% risk of failure)
Confirm with . or Enter, or press ? or * to list all spells.
You don't know that spell.
Casting: Beastly Appendage (safe; 10% risk of failure)
Confirm with . or Enter, or press ? or * to list all spells.
One of your tentacles grows a vicious spike. 😎 MP[-1]
You lost 1 mp, and now have 2/3 mp.
The kobold hits you with a +0 short sword. 😕 HP[-3]
You take 3 damage, and now have 10/13 hp.
MASSIVE DAMAGE!! (PAUSE)
You tentacle-slap the kobold. Your grab misses the kobold.
You squeeze the kobold.
You kill the kobold!
No target in view!
Your transformation is almost over.
Your tentacle spike disappears.
Key pressed, stopping explore.
b - a golden potion 😎 HP[+3] MP[+1]
Your hp is fully restored (13).
Your mp is fully restored (3).
A hobgoblin comes into view.
You see here a +0 whip {mace}.
A hobgoblin is nearby!
A hobgoblin is nearby!
A hobgoblin is nearby!
An endoplasm comes into view.
A hobgoblin comes into view.
A giant cockroach comes into view.
The giant cockroach bites you. x2
The hobgoblin shouts!
You see here a blue potion. 😕 HP[-3]
You take 3 damage, and now have 10/13 hp.
MASSIVE DAMAGE!! (PAUSE)
You tentacle-slap the hobgoblin. Your grab misses the hobgoblin.
You hear a shout!
A rat comes into view.
The hobgoblin misses you. The giant cockroach misses you.
You hear a shout!
You tentacle-slap the hobgoblin.
You kill the hobgoblin!
The giant cockroach barely misses you.
You tentacle-slap the rat. You grab the rat.
You constrict the rat, but do no damage.
The rat misses you.
A kobold comes into view. It is wielding a +1 dagger of pain.
The giant cockroach bites you.
You tentacle-slap the rat but do no damage.
Your squeeze misses the rat. You constrict the rat.
You kill the rat!
The giant cockroach closely misses you.
You barely miss the kobold. You grab the kobold. You constrict the kobold.
The giant cockroach closely misses you. The kobold barely misses you.
The giant cockroach closely misses you.
You tentacle-slap the kobold but do no damage.
Your squeeze misses the kobold.
You constrict the kobold, but do no damage.
The hobgoblin hits you.
* * * LOW HITPOINT WARNING * * *
The kobold hits you with a +1 dagger of pain.
* * * LOW HITPOINT WARNING * * *
The giant cockroach closely misses you.
You are too injured to fight recklessly!
You are too injured to fight recklessly! 😨 HP[-5]
You take 5 damage, and now have 5/13 hp.
MASSIVE DAMAGE!! (PAUSE)
You tentacle-slap the kobold.
You kill the kobold!
The hobgoblin closely misses you. The giant cockroach barely misses you.
It was a potion of cancellation.
You feel magically purged. The hobgoblin misses you.
The giant cockroach bites you.
* * * LOW HITPOINT WARNING * * *
😱 HP[-2]
You take 2 damage, and now have 3/13 hp.
Unknown command.
You are too injured to fight recklessly!
It was a potion of flight.
You feel very buoyant.
You fly up into the air.
The giant cockroach misses you. The hobgoblin hits you.
* * * LOW HITPOINT WARNING * * *
😱 HP[-1]
You take 1 damage, and now have 2/13 hp.
You closely miss the giant cockroach. You grab the giant cockroach.
You tentacle-slap the giant cockroach, but do no damage.
You constrict the giant cockroach, but do no damage.
The giant cockroach bites you.
You die...

Action                   || total
-------------------------++-------
Melee: Unarmed           ||    11
       Constrict         ||     3
       Punch             ||     1
       Tentacles         ||     1
 Cast: Beastly Appendage ||     1
  Use: Potion            ||     2
Dodge: Dodged            ||    15

Levels and vault maps discovered:
D:1:      kennysheep_arrival_seaside, layout_rooms,
          dreamdust_ecumenical_altar_grove, palyth_stone_intersect,
          minmay_small_reverse_x

Notes
Turn   | Place    | Note
-------+----------+-------------------------------------------
     0 | D:1      | spaghetti the Octopode Transmuter began the quest for the
                  | Orb.
     0 | D:1      | Reached XP level 1. HP: 13/13 MP: 3/3
     0 | D:1      | magus.rc [v1.9.6]
   130 | D:1      | HP: 3/13 [giant cockroach (2)]
   132 | D:1      | Slain by a giant cockroach

Vanquished Creatures
  A hobgoblin (D:1)
  A frilled lizard (D:1)
  2 kobolds (D:1)
  A rat (D:1)
5 creatures vanquished.

Table legend:
 A = Non-vault XP
 B = Vault XP
 C = Vault XP percentage of total XP
 D = Non-vault monster count
 E = Vault monster count
 F = Vault count percentage of total count
                 A         B        C        D         E       F
            +---------+---------+-------+---------+---------+-------
      Total |       2 |       5 |  71.4 |       2 |       3 |  60.0
            +---------+---------+-------+---------+---------+-------
        D:1 |       2 |       5 |  71.4 |       2 |       3 |  60.0
            +---------+---------+-------+---------+---------+-------

Illustrated notes

Table legend:
 A = Kills in this place as a percentage of kills in entire the game.
 B = Kills by you in this place as a percentage of kills by you in the entire game.
 C = Kills by friends in this place as a percentage of kills by friends in the entire game.
 D = Other kills in this place as a percentage of other kills in the entire game.
 E = Experience gained in this place as a percentage of experience gained in the entire game.
 F = Experience gained in this place divided by the number of levels of this place that you have seen.
                   A       B       C       D       E      F
               +-------+-------+-------+-------+-------+----------------------
         Total | 100.0 | 100.0 |   N/A |   N/A | 100.0 |   7.0
       Dungeon | 100.0 | 100.0 |   N/A |   N/A | 100.0 |   7.0
               +-------+-------+-------+-------+-------+----------------------

Table legend: (Time is in decaauts)
 A = Elapsed time spent in this place.
 B = Non-inter-level travel time spent in this place.
 C = Inter-level travel time spent in this place.
 D = Time resting spent in this place.
 E = Time spent auto-exploring this place.
 F = Levels seen in this place.
 G = Mean time per level.
                   A        B        C        D        E       F      G
               +--------+--------+--------+--------+--------+-----+--------+
         Total |    131 |    131 |      0 |      0 |    102 |   1 |  131.0 |
       Dungeon |    131 |    131 |      0 |      0 |    102 |   1 |  131.0 |
               +--------+--------+--------+--------+--------+-----+--------+

Top non-repeatable levels by time:
     D:1: 131 daAuts
